 Dungeon Crawl Stone Soup version 0.20-a0-864-g92acfd1 (webtiles) character file.

2764 polly the Basher (level 9, 0/56 HPs)
             Began as a Gargoyle Fighter on Mar 12, 2017.
             Was a Priest of Okawaru.
             Slain by a killer bee (2 damage)
             ... on level 7 of the Dungeon.
             The game lasted 00:07:02 (5382 turns).

polly the Basher (Gargoyle Fighter)                 Turns: 5382, Time: 00:07:03

Health: 0/56       AC: 22    Str: 20    XL:     9   Next: 69%
Magic:  9/9        EV:  5    Int: 15    God:    Okawaru [***...]
Gold:   392        SH: 11    Dex: 11    Spells: 8/8 levels left

rFire    . . .     SeeInvis .   I - +2 flail (protect)
rCold    . . .     Gourm    .   B - +0 plate armour
rNeg     + . .     Faith    .   c - +0 shield
rPois    ∞         Spirit   .   u - +0 helmet
rElec    +         Reflect  .   v - +2 cloak
rCorr    .         Harm     .   (no gloves)
MR       .....                  (no boots)
Stlth    ..........             (no amulet)
Regen    0.2/turn               (no ring)
MPRegen  0.2/turn               (no ring)

@: brilliant
A: negative energy resistance 1, electricity resistance, unbreathing,
petrification resistance, rot immunity, AC +5
a: Heroism, Renounce Religion


You were on level 7 of the Dungeon.
You worshipped Okawaru.
Okawaru was most pleased with you.
You were hungry.

You visited 2 branches of the dungeon, and saw 8 of its levels.

You collected 392 gold pieces.

Inventory:

Hand Weapons
 I - a +2 flail of protection (weapon)
Armour
 c - a +0 shield (worn)
 u - a +0 helmet (worn)
 v - a +2 cloak (worn)
 B - a +0 plate armour (worn)
Jewellery
 n - an uncursed ring of flight
Wands
 a - a wand of polymorph (7/24)
 d - a wand of iceblast (4/15)
Scrolls
 b - 3 scrolls of remove curse
 e - 2 scrolls of blinking {unknown}
 g - a scroll of enchant armour {unknown}
 h - 2 scrolls of random uselessness {unknown}
 j - 8 scrolls of identify
 k - 3 scrolls of amnesia {unknown}
 m - 2 scrolls of fear {unknown}
 r - a scroll of recharging {unknown}
 t - 7 scrolls of teleportation
 x - 2 scrolls of enchant weapon {unknown}
 y - 2 scrolls of magic mapping {unknown}
 C - a scroll of immolation {unknown}
Potions
 i - 3 potions of curing {unknown}
 l - 2 potions of heal wounds
 q - a potion of degeneration {unknown}
 s - 2 potions of ambrosia {unknown}
 w - 2 potions of mutation {unknown}
 z - 2 potions of brilliance
 A - 4 potions of magic {unknown}
 D - a potion of resistance
 E - a potion of invisibility {unknown}
 F - a potion of haste
 G - 2 potions of agility {unknown}
Comestibles
 f - 2 bread rations
 o - 6 royal jellies
 p - 4 meat rations


   Skills:
 + Level 6.6 Fighting
 + Level 8.8 Maces & Flails
 + Level 6.0 Armour
 + Level 2.1 Dodging
 + Level 0.5 Stealth
 + Level 7.5 Shields


You had 8 spell levels left.
You didn't know any spells.

Dungeon Overview and Level Annotations

Branches:
Dungeon (7/15)             Temple (1/1) D:5

Altars:
Cheibriados
Dithmenos
Fedhas
Gozag
Hepliaklqana
Kikubaaqudgha
Okawaru
Qazlal
Ru
Sif Muna
Vehumet
Wu Jian
Zin


Innate Abilities, Weirdness & Mutations

You are resistant to torment.
Your stone body is resilient. (AC +5)
You are immune to poison.
You resist negative energy. (rN+)
You are resistant to electric shocks. (rElec)
You can survive without breathing.
You are immune to petrification.
You are immune to rotting.


Message History

The killer bee stings you but does no damage. x2
You miss the killer bee.
The killer bee is severely wounded.
You block the killer bee's attack.
The killer bee stings you but does no damage.
You barely miss the killer bee.
The killer bee is severely wounded.
The killer bee stings you but does no damage.
The killer bee stings you.
* * * LOW HITPOINT WARNING * * *
You closely miss the killer bee.
The killer bee is severely wounded.
The killer bee stings you.
* * * LOW HITPOINT WARNING * * *
You block the killer bee's attack.
It was a potion of brilliance.
You feel clever all of a sudden.
The killer bee stings you but does no damage.
The killer bee stings you.
You die...

##. .. .. . #
#.###..#
#............#.
#.......##....
#.......# ...
#.......# #.#
#.......# #@#
#....yy.# #y#
#.......# #y#
######.#####h#
#........h†.h#
#.#......h####
#.##.##.#
#.##.##.# #
#..##(#


You could see 2 killer bees and 2 jackals.

Vanquished Creatures
  Pikel (D:6)
  The ghost of Elysium the Cleaver, a novice MiBe of Trog (D:5)
  Grinder (D:5)
  Menkaure (D:5)
  Edmund (D:5)
  Duvessa (D:6)
  2 sky beasts (D:6)
  A phantom (D:6)
  An ice beast (D:5)
  2 ogres
  Blork the orc (D:5)
  Dowan (D:6)
  A scorpion (D:5)
  3 killer bees (D:7)
  A crimson imp (D:6)
  A bullfrog zombie (D:6)
  A hound (D:6)
  A jelly (D:5)
  Crazy Yiuf (D:2)
  A centaur skeleton (D:6)
  An orc wizard (D:6)
  3 iguanas
  Ijyb (D:2)
  Terence (D:2)
  A worker ant (D:5)
  2 hound skeletons
  Robin (D:2)
  12 adders
  A shadow imp (D:7)
  4 worms
  A dart slug (D:2)
  10 leopard geckos
  9 orcs
  A ball python (D:1)
  6 bats
  10 giant cockroaches
  16 goblins
  8 hobgoblins
  18 jackals
  3 quokkas
  10 frilled lizards
  11 kobolds
  A leopard gecko skeleton (D:4)
  5 rats
160 creatures vanquished.

Vanquished Creatures (others)
  An adder (D:2)
  A worm (D:2)
  A kobold (D:2)
3 creatures vanquished.

Grand Total: 163 creatures vanquished

Notes
Turn   | Place    | Note
-------+----------+-------------------------------------------
     0 | D:1      | polly the Gargoyle Fighter began the quest for the Orb.
     0 | D:1      | Reached XP level 1. HP: 14/14 MP: 1/1
   164 | D:1      | Reached XP level 2. HP: 12/19 MP: 2/2
   385 | D:1      | Reached XP level 3. HP: 19/23 MP: 3/3
   701 | D:2      | Found a radiant altar of Vehumet.
   844 | D:2      | Noticed Ijyb
   862 | D:2      | Killed Ijyb
   862 | D:2      | Reached XP level 4. HP: 24/29 MP: 4/4
   938 | D:2      | Noticed Robin
   951 | D:2      | Killed Robin
   951 | D:2      | Reached skill level 1 in Dodging
  1010 | D:2      | Found a blossoming altar of Fedhas.
  1058 | D:2      | Noticed Terence
  1064 | D:2      | Killed Terence
  1064 | D:2      | Reached XP level 5. HP: 26/33 MP: 5/5
  1157 | D:2      | Found a runed door.
  1291 | D:2      | Reached skill level 3 in Maces & Flails
  1514 | D:2      | Noticed Crazy Yiuf
  1528 | D:2      | Killed Crazy Yiuf
  2209 | D:3      | Reached XP level 6. HP: 37/38 MP: 6/6
  3033 | D:5      | Entered Level 5 of the Dungeon
  3045 | D:5      | Noticed Edmund
  3075 | D:5      | Killed Edmund
  3075 | D:5      | Reached skill level 4 in Maces & Flails
  3075 | D:5      | Reached XP level 7. HP: 44/44 MP: 7/7
  3081 | D:5      | Found a staircase to the Ecumenical Temple.
  3100 | Temple   | Entered the Ecumenical Temple
  3116 | Temple   | Became a worshipper of Warmaster Okawaru
  3152 | D:5      | Noticed Blork the orc
  3163 | D:5      | Reached skill level 5 in Shields
  3189 | D:5      | Killed Blork the orc
  3197 | D:5      | Reached skill level 5 in Maces & Flails
  3331 | D:5      | Noticed Grinder
  3341 | D:5      | Paralysed by Grinder for 3 turns
  3365 | D:5      | Killed Grinder
  3365 | D:5      | Reached XP level 8. HP: 11/48 MP: 8/8
  3572 | D:5      | Reached * piety under Okawaru
  3572 | D:5      | Reached skill level 5 in Fighting
  3572 | D:5      | Reached skill level 5 in Armour
  3611 | D:5      | Noticed Elysium's ghost (novice MiBe)
  3640 | D:5      | Killed Elysium's ghost
  3640 | D:5      | Reached skill level 6 in Maces & Flails
  3645 | D:5      | Reached ** piety under Okawaru
  3831 | D:5      | Found a stormy altar of Qazlal.
  3841 | D:5      | Noticed Menkaure
  3853 | D:5      | Killed Menkaure
  3853 | D:5      | Reached skill level 7 in Maces & Flails
  4165 | D:6      | Noticed Duvessa
  4165 | D:6      | Noticed Dowan
  4186 | D:6      | Killed Duvessa
  4195 | D:6      | Killed Dowan
  4195 | D:6      | Reached XP level 9. HP: 15/55 MP: 9/9
  4800 | D:6      | Found a glowing drain.
  4940 | D:6      | Noticed Pikel
  4951 | D:6      | Killed Pikel
  4951 | D:6      | Reached *** piety under Okawaru
  4951 | D:6      | Reached skill level 8 in Maces & Flails
  5079 | D:6      | Found a sacrificial altar of Ru.
  5381 | D:7      | HP: 2/56 [killer bee (4)]
  5382 | D:7      | Slain by a killer bee

Vault maps used:
D:1:      zaba_arrival_water, minmay_pentomino_v2
D:2:      fiery_altar_vehumet, first_bread, fedhas_altar_2,
          uniq_crazy_yiuf_cottage, uniq_iyjb, uniq_robin, uniq_terence
D:5:      lemuel_doored_altar, temple_fountains, uniq_grinder, uniq_menkaure,
          uniq_edmund, uniq_blork_the_orc
D:6:      marbit_many_paths, gup_sewer_entry_bubbles, minmay_lizard_king,
          uniq_duvessa, uniq_pikel
D:7:      tgw_trog, enter_bailey_3
Temple:   cyrus_circular_temple

Skill      XL: |  1  2  3  4  5  6  7  8  9 |
---------------+----------------------------+-----
Shields        | 4 5 6 7 |  7.5
Fighting       | 4 6 |  6.6
Dodging        | 1 2 |  2.1
Maces & Flails | 3 4 5 7 8 |  8.8
Armour         | 4 5 6 |  6.0
Stealth        | |  0.5

Action                   |  1- 3 |  4- 6 |  7- 9 || total
-------------------------+-------+-------+-------++-------
Melee: Flail             |   183 |   291 |   464 ||   938
  Use: Potion            |       |     1 |     3 ||     4
       Scroll            |       |       |     2 ||     2
  Eat: Chunk             |       |     7 |     8 ||    15
       Fruit             |       |     1 |       ||     1
Armor: Scale mail        |   123 |   129 |       ||   252
       Plate armour      |       |    34 |   348 ||   382
Dodge: Dodged            |    59 |    82 |    95 ||   236
Block: Shield            |   112 |   168 |   257 ||   537
